 Dungeon Crawl Stone Soup version 0.28.0-49-g6dfe1f597d (webtiles) character file.

Game seed: 1151108210696557618

372 nickcage the Stinger (level 6, -3/18 (28) HPs)
             Began as a Spriggan Venom Mage on May 18, 2022.
             Slain by a necrophage (6 damage)
             ... on level 4 of the Dungeon.
             The game lasted 00:22:49 (5360 turns).

nickcage the Stinger (Spriggan Venom Mage)          Turns: 5360, Time: 00:22:50

HP:   -3/18 (28)    AC:  2    Str:  4    XL:     6   Next: 43%
MP:   11/11         EV: 17    Int: 19    God:
Gold: 31            SH:  0    Dex: 15    Spells: 1/11 levels left

rFire   . . .      SeeInvis +   l - +0 rapier
rCold   . . .      Faith    .   (no shield)
rNeg    . . .      Spirit   .   a - +0 robe
rPois   .          Reflect  .   (helmet restricted)
rElec   .          Harm     .   (no cloak)
rCorr   .          Rampage  .   (gloves unavailable)
Will    +....                   (boots unavailable)
Stlth   ++........              (no amulet)
HPRegen 0.06/turn               (no ring)
MPRegen 0.12/turn               (no ring)

@: very heavily drained, very quick
A: very small, no large weapons, unfitting armour, see invisible, speed 3
a: no special abilities


You were on level 4 of the Dungeon.
You visited 1 branch of the dungeon, and saw 4 of its levels.

You collected 71 gold pieces.
You spent 40 gold pieces at shops.

Inventory:

Hand Weapons
 b - a +0 quarterstaff
 c - a +0 dagger
 l - a +0 rapier (weapon)
Armour
 a - a +0 robe (worn)
Magical Staves
 e - a staff of cold
Jewellery
 d - an amulet of faith
Wands
 j - a wand of polymorph (7)
Scrolls
 f - a scroll of teleportation
 g - 2 scrolls of identify
Potions
 h - a potion of curing
 i - a potion of might
 k - a potion of heal wounds
 m - a potion of degeneration {unknown}
 n - a potion of flight {unknown}


   Skills:
 - Level 2.6 Dodging
 - Level 3.0 Stealth
 + Level 3.0 Spellcasting
 - Level 1.4 Transmutations
 - Level 7.2 Poison Magic


You had one spell level left.
You knew the following spells:

 Your Spells              Type           Power      Damage    Failure   Level
a - Sting                 Tmut/Pois      76%        1d6       2%          1
b - Poisonous Vapours     Pois/Air       32%        N/A       5%          2
c - Mephitic Cloud        Conj/Pois/Air  12%        N/A       17%         3
d - Olgreb's Toxic Radia  Pois           30%        N/A       8%          4

Your spell library contained the following spells:

 Spells                   Type           Power      Damage    Failure   Level
 Blade Hands              Tmut           4%         N/A       93%         5
 Irradiate                Conj/Tmut      2%         3d14      97%         5
 Dragon Form              Tmut           4%         N/A       100%        7


Dungeon Overview and Level Annotations

Branches:
Dungeon (4/15)
 Temple: D:4-7

Altars:
Cheibriados
Makhleb
Qazlal

Shops:
D:2 (

Annotations:
D:3 Sigmund


Innate Abilities, Weirdness & Mutations

You are very small and have problems with some larger weapons.
You are too small for most types of armour.
You have supernaturally acute eyesight. (SInv)
You cover ground extremely quickly. (Speed+++)


Message History

You hit the necrophage.
The necrophage is lightly damaged.
The necrophage closely misses you.
You closely miss the necrophage.
The necrophage is lightly damaged.
The necrophage hits you.
You feel drained. The necrophage misses you.
You barely miss the necrophage.
The necrophage is lightly damaged.
The necrophage closely misses you.
You hit the necrophage.
The necrophage is moderately damaged.
The necrophage closely misses you.
You hit the necrophage.
The necrophage is moderately damaged.
The necrophage closely misses you.
You hit the necrophage.
The necrophage is heavily damaged.
The necrophage hits you but does no damage.
You barely miss the necrophage.
The necrophage is heavily damaged.
The necrophage barely misses you.
The necrophage hits you but does no damage.
You hit the necrophage.
The necrophage is heavily damaged.
The necrophage misses you.
You hit the necrophage. Your punch misses the necrophage.
The necrophage is heavily damaged.
The necrophage hits you.
You feel drained.
You hit the necrophage but do no damage.
The necrophage is heavily damaged.
The necrophage hits you.
You closely miss the necrophage.
The necrophage is heavily damaged.
The necrophage barely misses you.
You closely miss the necrophage.
The necrophage is heavily damaged.
The necrophage hits you.
* * * LOW HITPOINT WARNING * * *
The necrophage hits you.
You die...

###### #....##....#
#.....+....# #.....#....#
#.....#....# #..n@.#....#
#.....#....+
#..##.#....######
#....######..##.##........#
#....#..#....#...'Z.......#
#....#..#....#...#........#
#....#..'....#...#.....w..#
###....#..###..#####........#
.....###'####### ###+#....#


You could see a necrophage.

Vanquished Creatures
  A phantom (D:4)
  2 orc priests (D:2)
  Natasha (thrice) (D:2)
  An orc wizard (D:2)
  A howler monkey skeleton (D:4)
  5 adders
  An ufetubus (D:4)
  2 worms
  3 dart slugs
  An orc (D:2)
  4 bats
  6 endoplasms
  2 giant cockroaches
  7 goblins
  6 hobgoblins
  10 jackals (D:1)
  3 quokkas
  5 ball pythons
  5 frilled lizards
  5 kobolds
  7 rats
80 creatures vanquished.

Vanquished Creatures (others)
  3 fungi (D:3)
3 creatures vanquished.

Grand Total: 83 creatures vanquished

Notes
Turn   | Place    | Note
-------+----------+-------------------------------------------
     0 | D:1      | nickcage the Spriggan Venom Mage began the quest for the
                  | Orb.
     0 | D:1      | Reached XP level 1. HP: 9/9 MP: 5/5
   264 | D:1      | Reached XP level 2. HP: 13/13 MP: 6/6
   267 | D:1      | Learned a level 2 spell: Poisonous Vapours
   509 | D:1      | Reached skill level 4 in Poison Magic
   519 | D:1      | Reached XP level 3. HP: 16/16 MP: 1/8
   523 | D:1      | Learned a level 3 spell: Mephitic Cloud
  1448 | D:2      | Reached XP level 4. HP: 15/21 MP: 3/9
  1770 | D:2      | Found Ityjuagi's Weapon Shoppe.
  1775 | D:2      | Bought a +0 rapier for 40 gold pieces
  1779 | D:2      | Noticed Natasha
  1808 | D:2      | Reached skill level 5 in Poison Magic
  1811 | D:2      | Killed Natasha
  2128 | D:2      | Reached XP level 5. HP: 20/24 MP: 6/10
  2343 | D:2      | Reached skill level 6 in Poison Magic
  2348 | D:2      | Learned a level 4 spell: Olgreb's Toxic Radiance
  2463 | D:2      | Noticed Natasha
  2471 | D:2      | Killed Natasha
  2477 | D:2      | Noticed Natasha
  2489 | D:2      | Killed Natasha
  2933 | D:3      | Noticed Sigmund
  2944 | D:3      | HP: 1/24 [Sigmund/puff of flame (15)]
  3347 | D:3      | Found a burning altar of Makhleb.
  3528 | D:3      | Reached XP level 6. HP: 28/28 MP: 7/11
  3563 | D:3      | Found a faded altar of an unknown god.
  3689 | D:3      | Found a stormy altar of Qazlal.
  3689 | D:3      | Found a snail-covered altar of Cheibriados.
  4015 | D:4      | Reached skill level 7 in Poison Magic
  5360 | D:4      | Slain by a necrophage

Illustrated notes

Levels and vault maps discovered:
D:1:      dpeg_arrival_connections, layout_rooms
D:2:      layout_rooms, serial_shops, nicolae_shop_hallway_plus,
          minmay_randomly_rotated_circles, uniq_natasha
D:3:      layout_loops_cross, bloody_makhleb, mainiacjoe_overflow_divided_tiny,
          shapermc_ecumenical_altar_ellora, uniq_robin, uniq_sigmund
D:4:      layout_gridville, mainiacjoe_overflow_alcove_2

Skill      XL: |  1  2  3  4  5  6 |
---------------+-------------------+-----
Poison Magic   | 4 5 6 7 |  7.2
Spellcasting   | 3 |  3.0
Dodging        | |  2.6
Stealth        | |  3.0
Transmutations | |  1.4

Action                   |  1- 3 |  4- 6 || total
-------------------------+-------+-------++-------
Melee: Dagger            |    51 |     5 ||    56
       Quarterstaff      |     1 |       ||     1
       Punch             |     2 |     2 ||     4
       Rapier            |       |    88 ||    88
 Cast: Sting             |    53 |    78 ||   131
       Poisonous Vapours |       |    17 ||    17
  Use: Scroll            |     4 |     2 ||     6
       Potion            |       |     3 ||     3
 Stab: Sleeping          |    12 |     6 ||    18
Armor: Robe              |     6 |     7 ||    13
Dodge: Dodged            |    56 |    94 ||   150
